 Dungeon Crawl Stone Soup version 0.19.1-1-g22dce08 (webtiles) character file.

93 Dolanko the Poker (level 4, -5/42 HPs)
             Began as a Naga Fighter on Jan 7, 2017.
             Slain by Crazy Yiuf
             ... wielding a +3 quarterstaff of chaos
              (14 damage)
             ... on level 3 of the Dungeon.
             The game lasted 00:03:46 (2623 turns).

Dolanko the Poker (Naga Fighter)                    Turns: 2623, Time: 00:03:49

Health: -5/42      AC:  7    Str: 18    XL:     4   Next: 62%
Magic:  4/4        EV:  5    Int:  9    God:
Gold:   176        SH:  8    Dex: 11    Spells: 0 memorised, 3 levels left

rFire  . . .     SeeInvis +     a - +0 trident
rCold  . . .     Gourm    .     b - +0 scale mail
rNeg   . . .     Faith    .     c - +0 shield
rPois  +         Spirit   .     (no helmet)
rElec  .         Reflect  .     h - +0 cloak
rCorr  .         Harm     .     o - +0 pair of gloves
MR     .....                    (no barding)
Stlth  ..........               (no amulet)
                                (no ring)
                                (no ring)

@: lethally poisoned (-5 -> -12), very slow
A: see invisible, deformed body, poison resistance, slowness 2, slow metabolism
1, spit poison 1, AC +1
a: Spit Poison


You were on level 3 of the Dungeon.
You were not hungry.

You visited 1 branch of the dungeon, and saw 3 of its levels.

You collected 176 gold pieces.

Inventory:

Hand Weapons
 a - a +0 trident (weapon)
Armour
 b - a +0 scale mail (worn)
 c - a +0 shield (worn)
 h - a +0 cloak (worn)
 o - a +0 pair of gloves (worn)
Jewellery
 p - an uncursed ring of ice {unknown}
Scrolls
 l - 2 scrolls of remove curse {unknown}
 n - 2 scrolls of recharging {unknown}
 q - a scroll of blinking {unknown}
 r - 2 scrolls of magic mapping {unknown}
 w - a scroll of identify
 x - a scroll of fog {unknown}
 y - a scroll of teleportation {unknown}
Potions
 d - 2 potions of might
 e - a potion of flight {unknown}
 i - a potion of lignification
 j - a potion of cancellation {unknown}
 s - 2 potions of curing {unknown}
 v - a potion of agility {unknown}
 z - a potion of brilliance {unknown}
Comestibles
 f - 3 bread rations
 g - a slice of pizza
 k - 2 beef jerkies
 m - a royal jelly
 t - a meat ration


   Skills:
 - Level 3.0 Fighting
 + Level 4.6 Polearms
 - Level 2.4 Armour
 - Level 2.4 Shields


You had 3 spell levels left.
You didn't know any spells.

Dungeon Overview and Level Annotations

Branches:
Dungeon (3/15)

Altars:
Sif Muna
Vehumet

Annotations:
D:3 Crazy Yiuf


Innate Abilities, Weirdness & Mutations

You cannot wear boots.
Your serpentine skin is tough. (AC +1)
You have supernaturally acute eyesight. (SInv)
Armour fits poorly on your strangely shaped body.
Your system is resistant to poisons. (rPois)
You cover ground very slowly.
You have a slow metabolism.
You can spit poison.


Message History

Crazy Yiuf says, "Ghoul!"
Crazy Yiuf barely misses you.
Press: ? - help, Shift-Dir - straight line, f - Crazy Yiuf
Aim: Crazy Yiuf, wielding a quarterstaff of chaos and wearing a cloak You fail to use your ability.
Crazy Yiuf hits you with a quarterstaff of chaos!
You hit Crazy Yiuf.
Crazy Yiuf is moderately wounded.
Crazy Yiuf hits you with a quarterstaff of chaos!
You hit Crazy Yiuf.
Crazy Yiuf is heavily wounded.
Crazy Yiuf hits you with a quarterstaff of chaos.
You are poisoned.
You hit Crazy Yiuf.
Crazy Yiuf is severely wounded.
You feel sick.
Crazy Yiuf hits you with a quarterstaff of chaos!
* * * LOW HITPOINT WARNING * * *
You are electrocuted!
You die...

#........#..........###...
#........######...#.# #..#
#...###### #..##.# #..#
#...# #..##.# #..# #...#
##### #..##.###... ##..#
#)..# #..†........ #.##
#...# #........... #.#
#.g.# ###........# #.# #@#
#.#.#..... #.# ♣.♣♣
#.#.##..## #.# ♣♣.♣
#.#.##...# #.# ♣.♣♣
#.#.##.... #.# ♣♣.♣
#.#.##.#.# #.# ♣♣.♣♣
#......#.# #.# ♣♣.P.♣
###.#.##.#.# #.# ♣..PP♣
#..........# #.# #....#
#.....#.....


You could see Crazy Yiuf.

Vanquished Creatures
  2 adders (D:2)
  3 worms
  A dart slug (D:1)
  A leopard gecko (D:1)
  2 orcs (D:3)
  5 giant cockroaches
  6 goblins
  7 hobgoblins
  2 jackals (D:1)
  9 kobolds
  A ball python (D:1)
  10 bats
  2 frilled lizards
  12 rats
63 creatures vanquished.

Notes
Turn   | Place    | Note
-------+----------+-------------------------------------------
     0 | D:1      | Dolanko the Naga Fighter began the quest for the Orb.
     0 | D:1      | Reached XP level 1. HP: 21/21 MP: 1/1
   198 | D:1      | Reached XP level 2. HP: 26/28 MP: 2/2
   298 | D:1      | Reached skill level 3 in Polearms
   564 | D:1      | Reached XP level 3. HP: 34/34 MP: 3/3
  1042 | D:2      | Found a deep blue altar of Sif Muna.
  1182 | D:2      | Found a faded altar of an unknown god.
  1666 | D:2      | Reached skill level 4 in Polearms
  1845 | D:2      | Reached XP level 4. HP: 42/42 MP: 4/4
  2463 | D:3      | Found a runed door.
  2555 | D:3      | Found a radiant altar of Vehumet.
  2617 | D:3      | Noticed Crazy Yiuf
  2623 | D:3      | Slain by Crazy Yiuf

Skill      XL: |  1  2  3 |
---------------+----------+-----
Polearms       | 3 4 |  4.6
Fighting       | |  3.0
Armour         | |  2.4
Shields        | |  2.4

Action                   |  1- 3 |  4- 6 || total
-------------------------+-------+-------++-------
Melee: Trident           |   151 |    83 ||   234
 Abil: Spit Poison       |    10 |     3 ||    13
  Use: Scroll            |     2 |       ||     2
  Eat: Bread ration      |     1 |       ||     1
       Chunk             |       |     1 ||     1
Armor: Scale mail        |    72 |    36 ||   108
Dodge: Dodged            |    45 |    12 ||    57
Block: Shield            |    52 |    30 ||    82
